 Dungeon Crawl Stone Soup version 0.26-a0-597-gb535b0901c (webtiles) character file.

Game seed: 4024378365126555577

28 Alarkh the Skirmisher (level 3, 20/29 HPs)
             Began as a Demonspawn Fighter on Sept 5, 2020.
             Got out of the dungeon alive.
             The game lasted 00:00:56 (452 turns).

Alarkh the Skirmisher (Demonspawn Fighter)           Turns: 452, Time: 00:00:57

Health: 20/29      AC:  6    Str: 16    XL:     3   Next: 0%
Magic:  3/3        EV:  6    Int: 10    God:
Gold:   36         SH:  9    Dex: 18    Spells: 2/2 levels left

rFire    . . .     SeeInvis .     - Unarmed
rCold    . . .     Faith    .   b - +0 kite shield
rNeg     . . .     Spirit   .   a - +0 scale mail
rPois    .         Reflect  .   (no helmet)
rElec    .         Harm     .   (no cloak)
rCorr    .                      (no gloves)
MR       .....                  (no boots)
Stlth    ..........             (no amulet)
HPRegen  0.09/turn              h - +6 ring of dexterity
MPRegen  0.08/turn              (no ring)

@: no status effects
A: claws 1, powered by pain 1
a: no special abilities


You escaped.
You visited 1 branch of the dungeon, and saw 1 of its levels.

You collected 36 gold pieces.

Inventory:

Armour
 a - a +0 scale mail (worn)
 b - a +0 kite shield (worn)
Jewellery
 h - a +6 ring of dexterity (left claw)
Scrolls
 d - 2 scrolls of magic mapping {unknown}
 f - a scroll of identify
 g - 2 scrolls of teleportation {unknown}
Potions
 c - a potion of might


   Skills:
 + Level 3.3 Fighting
 - Level 2.6 Armour
 + Level 3.0 Shields
 * Level 2.5 Unarmed Combat


You had 2 spell levels left.
You didn't know any spells.
Your spell library was empty.

Dungeon Overview and Level Annotations

Branches:
Dungeon (1/15)

Altars:


Innate Abilities, Weirdness & Mutations

You have sharp fingernails.
You sometimes gain a little power by taking damage.


Message History

You have reached level 3!
Your experience leads to an increase in your attributes!
Your base attributes are Str 16, Int 9, Dex 12.
Increase (S)trength, (I)ntelligence, or (D)exterity?
You feel clever.
You feel monstrous as your demonic heritage exerts itself.
Your demonic ancestry asserts itself...
Your fingernails lengthen.
You cannot move.
You cannot move.
You cannot move.
You start resting.
Your transformation is almost over.
You start resting.
You feel less wooden.
Your +0 scale mail unmelds from your body.
You see here 20 arrows.
There is a staircase leading out of the dungeon here.
Are you sure you want to leave the Dungeon?
This will make you lose the game!
You have escaped!

#)##..........#.###...###.#(.
#.##....#.......##...........
#.##..####.#..###.....###.#.#
#.##..# #.#..##.....## #.#.#
#.##..# #.#.##.....#####.#.#
#.##..# #.###.....##.......#
#...#########.....##)........
##............8..##.#########
#..........@...## #
#............>..## #
#.##########.....## # #.#
##.....## # #.# ##.....## #
#.# # ##.....## # #.# .#
##.....## #####.###.#
##.....# #.........# ##....#


There were no monsters in sight!

Vanquished Creatures
  A gnoll (D:1)
  A dart slug (D:1)
  2 leopard geckos (D:1)
  A giant cockroach (D:1)
  A goblin (D:1)
  3 kobolds (D:1)
  2 bats (D:1)
  A frilled lizard (D:1)
  4 rats (D:1)
16 creatures vanquished.

Notes
Turn   | Place    | Note
-------+----------+-------------------------------------------
     0 | D:1      | Alarkh the Demonspawn Fighter began the quest for the Orb.
     0 | D:1      | Reached XP level 1. HP: 18/18 MP: 1/1
   153 | D:1      | Gained mutation: You sometimes gain a little power by
                  | taking damage. [demonic ancestry]
   153 | D:1      | Reached XP level 2. HP: 24/24 MP: 2/2
   394 | D:1      | Gained mutation: You have sharp fingernails. [demonic
                  | ancestry]
   394 | D:1      | Reached XP level 3. HP: 23/29 MP: 3/3
   452 | D:$      | Got out of the dungeon alive.

Illustrated notes

Levels and vault maps discovered:
D:1:      psy_arrival_spokes, layout_loops_ring,
          corexii_item_surrounded_by_moat, minmay_pentomino_q2

Skill      XL: |  1  2 |
---------------+-------+-----
Unarmed Combat | 2 |  2.5
Shields        | 3 |  3.0
Fighting       | |  3.3
Armour         | |  2.6

Action                   || total
-------------------------++-------
Melee: Unarmed           ||    84
  Use: Scroll            ||     1
       Potion            ||     1
Armor: Scale mail        ||    35
       Skin              ||     1
Dodge: Dodged            ||    21
Block: Kite shield       ||    34

Table legend: (Time is in decaauts)
 A = Elapsed time spent in this place.
 B = Non-inter-level travel time spent in this place.
 C = Inter-level travel time spent in this place.
 D = Time resting spent in this place.
 E = Time spent auto-exploring this place.
 F = Levels seen in this place.
 G = Mean time per level.
                   A        B        C        D        E       F      G
               +--------+--------+--------+--------+--------+-----+--------+
         Total |    456 |    438 |     18 |     38 |    259 |   1 |  456.0 |
       Dungeon |    456 |    438 |     18 |     38 |    259 |   1 |  456.0 |
               +--------+--------+--------+--------+--------+-----+--------+

Top non-repeatable levels by time:
     D:1: 456 daAuts
